 Dungeon Crawl Stone Soup version 0.30-a0-168-g0b976cbdc4 (webtiles) character file.

Game seed: 16984238425187872185

72 jimonade the Sneak (level 4, -10/27 HPs)
             Began as a Kobold Brigand on Sept 30, 2022.
             Mangled by Crazy Yiuf
             ... wielding a +2 quarterstaff of chaos
              (11 damage)
             ... on level 2 of the Dungeon.
             The game lasted 00:03:26 (2764 turns).

jimonade the Sneak (Kobold Brigand)                 Turns: 2764, Time: 00:03:26

Health: -10/27     AC:  7    Str:  8    XL:     4   Next: 48%
Magic:  4/4        EV: 12    Int: 12    God:
Gold:   98         SH:  0    Dex: 18    Spells: 3/3 levels left

rFire   . . .      SeeInvis .    a - +2 dagger
rCold   . . .      Faith    .    (no shield)
rNeg    . . .      Spirit   .    n - +0 ring mail
rPois   .          Reflect  .    (no helmet)
rElec   .          Harm     .    c - +0 cloak
rCorr   .          Rampage  .    i - +0 pair of gloves
Will    .....                    (no boots)
Stlth   ++++......               (no amulet)
HPRegen 0.09/turn                (no ring)
MPRegen 0.09/turn                (no ring)

@: no status effects
A: small, no large weapons, nightstalker 3
a: no special abilities


You were on level 2 of the Dungeon.
You visited 1 branch of the dungeon, and saw 2 of its levels.

You collected 98 gold pieces.

Inventory:

Hand Weapons
 a - a +2 dagger (weapon)
Missiles
 d - 9 poisoned darts (quivered)
 e - 3 curare-tipped darts
 w - 2 throwing nets
Armour
 b - a +0 robe
 c - a +0 cloak (worn)
 i - a +0 pair of gloves (worn)
 n - a +0 ring mail (worn)
 t - a +0 helmet
Magical Staves
 o - a staff of poison
Jewellery
 q - a ring of poison resistance
Scrolls
 f - 2 scrolls of poison {unknown}
 g - a scroll of enchant weapon {unknown}
 k - a scroll of teleportation {unknown}
 s - a scroll of immolation {unknown}
 v - a scroll of butterflies {unknown}
Potions
 h - a potion of haste {unknown}
 j - 2 potions of curing {unknown}
 l - a potion of magic {unknown}
 m - 2 potions of mutation {unknown}
 p - a potion of resistance {unknown}
 r - a potion of might {unknown}
 u - a potion of invisibility {unknown}


   Skills:
 - Level 2.4 Fighting
 + Level 4.6 Short Blades
 - Level 2.5 Throwing
 - Level 1.2 Dodging
 - Level 6.1 Stealth


You had 3 spell levels left.
You didn't know any spells.
Your spell library contained the following spells:

 Spells                   Type           Power      Damage    Failure   Level
 Sublimation of Blood     Necr           0%         N/A       83%         2
 Wereblood                Tmut           0%         N/A       83%         2
 Summon Hydra             Summ           0%         N/A       100%        7
 Borgnjor's Revivificati  Necr           0%         N/A       100%        8
 Necromutation            Tmut/Necr      0%         N/A       100%        8
 Death's Door             Necr           0%         N/A       100%        9


Dungeon Overview and Level Annotations

Branches:
Dungeon (2/15)

Altars:

Shops:
D:2 (*

Annotations:
D:2 Crazy Yiuf


Innate Abilities, Weirdness & Mutations

You are small and have problems with some larger weapons.
You are completely attuned to the shadows.


Message History

You see here a +0 club.
Found a runed translucent door.
Found a hammer.
You open the door.
There is an open translucent door here.
Crazy Yiuf shouts!
Crazy Yiuf barely misses you.
You hit Crazy Yiuf.
Crazy Yiuf is lightly wounded.
Crazy Yiuf hits you with a +2 quarterstaff of chaos!
Crazy Yiuf burns you.
You hit Crazy Yiuf but do no damage.
Crazy Yiuf is lightly wounded.
Crazy Yiuf says, "Cards chair meccalolo!"
Crazy Yiuf hits you but does no damage.
You hit Crazy Yiuf.
Crazy Yiuf is moderately wounded.
You hit Crazy Yiuf but do no damage.
Crazy Yiuf is moderately wounded.
Crazy Yiuf hits you with a +2 quarterstaff of chaos!
* * * LOW HITPOINT WARNING * * *
You are confused.
You're too confused to move!
Crazy Yiuf hits you but does no damage.
You blink.
You bump into the tree.
You feel less confused.
You hit Crazy Yiuf but do no damage.
Crazy Yiuf is moderately wounded.
Crazy Yiuf hits you with a +2 quarterstaff of chaos!
* * * LOW HITPOINT WARNING * * *
Crazy Yiuf draws strength from your wounds!
You hit Crazy Yiuf but do no damage.
Crazy Yiuf is lightly wounded.
Crazy Yiuf barely misses you.
You hit Crazy Yiuf but do no damage.
Crazy Yiuf is lightly wounded.
You hit Crazy Yiuf.
Crazy Yiuf is moderately wounded.
Crazy Yiuf glowers.
Crazy Yiuf hits you with a +2 quarterstaff of chaos!
You die...

### #.###### #....... #.####.#
#.# #.. ## #.#####' .# #####
♣♣###.#...#. .# #)..#♣♣
♣♣..+..#.###. .#
#...g@♣♣♣♣........'..∩ .# ######
#...#♣..♣.......#.###. .####....#
#####♣♣♣.♣...+..#.#.#. ....'....#
♣♣♣♣♣##......#' ..###....#
####...#. ..# #....#
########......#. ..# ##.###
#.............#. ..# #.#
#.............#.
..####.###########.............#.


You could see Crazy Yiuf.

Vanquished Creatures
  An adder (D:2)
  3 worms (D:2)
  4 endoplasms
  2 giant cockroaches (D:2)
  8 goblins
  2 hobgoblins (D:1)
  3 jackals (D:1)
  7 kobolds
  3 quokkas
  4 ball pythons
  3 bats
  3 frilled lizards (D:1)
  6 rats
49 creatures vanquished.

Vanquished Creatures (others)
  2 withered plants (D:1)
2 creatures vanquished.

Grand Total: 51 creatures vanquished

Notes
Turn   | Place    | Note
-------+----------+-------------------------------------------
     0 | D:1      | jimonade the Kobold Brigand began the quest for the Orb.
     0 | D:1      | Reached XP level 1. HP: 12/12 MP: 1/1
   377 | D:1      | Reached XP level 2. HP: 17/17 MP: 2/2
   700 | D:1      | Found a faded altar of an unknown god.
   972 | D:1      | Reached skill level 6 in Stealth
   975 | D:1      | Reached XP level 3. HP: 18/21 MP: 3/3
  1791 | D:2      | Found Kun Kera's Assorted Antiques.
  1888 | D:2      | Found Xarub Lir's Antique Weapon Shoppe.
  1949 | D:2      | Reached XP level 4. HP: 22/27 MP: 4/4
  2745 | D:2      | Found a runed translucent door.
  2748 | D:2      | Noticed Crazy Yiuf
  2761 | D:2      | HP: 1/27 [Crazy Yiuf/+2 quarterstaff of chaos (7)]
  2764 | D:2      | Mangled by Crazy Yiuf

Illustrated notes

Levels and vault maps discovered:
D:1:      matt_arrival_diagonals, layout_basic,
          ebering_ecumenical_altar_petrified
D:2:      minmay_door_path, layout_basic, serial_shops,
          nicolae_shop_hallway_plus, nicolae_shop_trees, uniq_crazy_yiuf_cottage

Skill      XL: |  1  2  3 |
---------------+----------+-----
Short Blades   | 3 4 |  4.6
Stealth        | 6 |  6.1
Fighting       | |  2.4
Throwing       | |  2.5
Dodging        | |  1.2

Action                   |  1- 3 |  4- 6 || total
-------------------------+-------+-------++-------
Melee: Dagger            |    89 |    43 ||   132
       Punch             |     1 |     1 ||     2
 Stab: Sleeping          |    15 |     4 ||    19
       Distracted        |     1 |       ||     1
Armor: Robe              |    11 |       ||    11
       Ring mail         |     4 |    22 ||    26
Dodge: Dodged            |    40 |    25 ||    65

Table legend: (Time is in decaauts)
 A = Elapsed time spent in this place.
 B = Non-inter-level travel time spent in this place.
 C = Inter-level travel time spent in this place.
 D = Time resting spent in this place.
 E = Time spent auto-exploring this place.
 F = Levels seen in this place.
 G = Mean time per level.
                   A        B        C        D        E       F      G
               +--------+--------+--------+--------+--------+-----+--------+
         Total |   2739 |   2658 |     81 |      6 |   2219 |   2 | 1369.5 |
       Dungeon |   2739 |   2658 |     81 |      6 |   2219 |   2 | 1369.5 |
               +--------+--------+--------+--------+--------+-----+--------+

Top non-repeatable levels by time:
     D:1: 1555 daAuts
     D:2: 1184 daAuts
